 Dungeon Crawl Stone Soup version bcrawl-1.20.1-3-gdcb1fc31ed (webtiles) character file.

Game seed: 18365791262868004857

9005 McKennaii the Stinger (level 11, -6/82 HPs)
             Began as an Oni Fire Elementalist on Feb 3, 2020.
             Was a High Priest of Cheibriados.
             Mangled by a centaur warrior
             ... wielding a +0 antimagic glaive
              (16 damage)
             ... on level 10 of the Dungeon.
             The game lasted 00:29:00 (11911 turns).

McKennaii the Stinger (Oni Fire Elementalist)      Turns: 11911, Time: 00:29:00

Health: -6/82      AC:  7    Str: 25    XL:     11   Next: 39%
Magic:  20/27      EV: 16    Int: 37    God:    Cheibriados [*****.]
Gold:   654        SH:  0    Dex: 23    Spells: 12/30 levels left

rFire    + . .     SeeInvis +   (no weapon)
rCold    + . .     Gourm    .   (no shield)
rNeg     . . .     Faith    .   p - +1 leather armour "Fagyufin" {Int+6}
rPois    .         Spirit   .   G - +1 hat
rElec    .         Reflect  .   H - scarf {rC+ rF+}
rCorr    .         Harm     .   k - +0 pair of gloves
MR       +....                  g - +0 pair of boots
Stlth    +.........             (no amulet)
HPRegen  0.23/turn              B - ring of see invisible
MPRegen  0.20/turn              m - ring of protection from magic

@: confused, very slow
A: oni magic, claws 1, fangs 1, horns 1
a: Bend Time, Temporal Distortion, Slouch, Step From Time, Renounce Religion


You were on level 10 of the Dungeon.
You worshipped Cheibriados.
Cheibriados was extremely pleased with you.
You were hungry.

You visited 2 branches of the dungeon, and saw 11 of its levels.

You collected 654 gold pieces.

Inventory:

Missiles
 c - 4 stones (quivered)
Armour
 g - a +0 pair of boots (worn)
 k - a +0 pair of gloves (worn)
 p - the +1 leather armour "Fagyufin" (worn) {Int+6}
   (You found it on level 4 of the Dungeon)

   It affects your intelligence (+6).
 G - a +1 hat (worn)
 H - a scarf of resistance (worn)
Jewellery
 m - a ring of protection from magic (right hand)
 r - an uncursed ring of magical power
 t - an uncursed ring of poison resistance
 A - an uncursed ring of wizardry
 B - a ring of see invisible (left hand)
Wands
 a - a wand of iceblast (19)
 u - a wand of acid (8)
 v - a wand of polymorph (12)
 w - a wand of flame (20)
 E - a wand of random effects (11)
Scrolls
 d - 3 scrolls of teleportation
 f - 3 scrolls of identify
 i - 7 scrolls of remove curse
 l - 3 scrolls of immolation
 n - 3 scrolls of magic mapping
 q - a scroll of blinking
 x - a scroll of fear {unknown}
 y - a scroll of amnesia {unknown}
Potions
 e - a potion of invisibility
 j - 2 potions of flight
 s - 5 potions of curing
 z - a potion of lignification
 C - a potion of agility
 D - 2 potions of mutation
 I - a potion of cancellation {unknown}
Comestibles
 b - 12 rations {!d}


   Skills:
 + Level 3.4 Fighting
 + Level 4.1 Armour
 + Level 5.1 Dodging
 + Level 4.0 Stealth
 * Level 10.0 Spellcasting
   Level 10.0 Conjurations
   Level 10.0 Hexes
   Level 10.0 Charms
   Level 10.0 Summonings
   Level 10.0 Necromancy
   Level 10.0 Translocations
   Level 10.0 Transmutations
   Level 10.0 Fire Magic
   Level 10.0 Ice Magic
   Level 10.0 Air Magic
   Level 10.0 Earth Magic
   Level 10.0 Poison Magic
 * Level 6.6 Invocations


You had 12 spell levels left.
You knew the following spells:

 Your Spells              Type           Power        Failure   Level  Hunger
a - Flame Tongue          Conj/Fire      #####        1%          1    None
b - Shackle               Hex            #######.     1%          2    None
c - Sticky Flame          Conj/Fire      #######.     1%          4    None
d - Fireball              Conj/Fire      #######...   1%          5    ##.....
e - Summon Ice Beast      Ice/Summ       #######.     1%          4    None
f - Sublimation of Blood  Necr           #######...   1%          2    None

Your spell library contained the following spells:

 Spells                   Type           Power        Failure   Level  Hunger
 Animate Skeleton         Necr           N/A          1%          1    None
 Flaming Arrows           Chrm/Fire      #######.     1%          2    None
 Conjure Flame            Conj/Fire      #######.     1%          3    None
 Inner Flame              Hex/Fire       N/A          1%          3    None
 Petrify                  Tmut/Erth      #######.     1%          4    None


Dungeon Overview and Level Annotations

Branches:
Dungeon (10/12)            Temple (1/1) D:4            Lair (0/6) D:9
    Orc (0/1) D:9

Altars:
Ashenzari
Cheibriados
Dithmenos
Elyvilon
Fedhas
Gozag
Hepliaklqana
Kikubaaqudgha
Lugonu
Makhleb
Nemelex Xobeh
Okawaru
Qazlal
Ru
Sif Muna
Trog
Uskayaw
Vehumet
Wu Jian
Xom
Yredelemnul
Zin
The Shining One


Innate Abilities, Weirdness & Mutations

You learn spells by gaining experience, not through books or religion.
You only train spellcasting to practice magic.
You have sharp fingernails.
You have very sharp teeth.
You have a pair of small horns on your head.


Message History

* * * LOW HITPOINT WARNING * * *
No path to travel!
You hit the centaur warrior but do no damage.
Your bite misses the centaur warrior.
The centaur warrior is severely wounded.
The centaur warrior burns!
The killer bee misses you. The centaur warrior barely misses you.
The killer bee closely misses you.
No path to travel!
You bump into the rock wall.
The centaur warrior burns!
The killer bee barely misses you.
The centaur warrior hits you with a +0 antimagic glaive!
* * * LOW HITPOINT WARNING * * *
You feel your power leaking away. The killer bee closely misses you.
A wraith comes into view.
No path to travel!
You're too confused to move!
The centaur warrior burns!
The killer bee closely misses you.
The centaur warrior hits you with a +0 antimagic glaive!
You die...

#.## #..# ##.##
#..# ##.# #.##
#..# #
...###.####W###
....'....@y.[..#
....####c###.#.#
.. #†.# # ##.#
.. ... ....
...y. c.[[..


You could see a centaur warrior (burning), a wraith and a killer bee.

Vanquished Creatures
  A cyclops (D:9)
  Maurice (D:8)
  A gargoyle (D:10)
  A harpy zombie (D:8)
  A troll (D:9)
  4 slime creatures
  A hornet (D:5)
  A hippogriff (D:8)
  A shadow (D:7)
  2 wyverns
  A wraith (D:10)
  A basilisk (D:9)
  A human (D:8)
  4 hogs (D:8)
  4 crocodiles (D:9)
  4 porcupines (D:9)
  A water moccasin (D:9)
  2 black bears (D:9)
  7 orc warriors
  2 sky beasts
  4 ice beasts
  A phantom (D:3)
  4 ogres
  3 wolves (D:9)
  2 centaurs (D:5)
  2 big kobolds
  2 bullfrogs
  A killer bee (D:10)
  2 water moccasin skeletons
  2 jellies
  8 hounds
  14 orc priests
  3 bullfrog skeletons
  2 iguanas
  9 orc wizards
  4 worker ants
  A hound skeleton (D:4)
  A worker ant zombie (D:5)
  9 adders
  A shadow imp (D:9)
  An ooze (D:2)
  2 adder skeletons (D:5)
  3 worms (D:2)
  6 dart slugs
  3 leopard geckos
  31 orcs
  15 giant cockroaches
  12 goblins
  12 hobgoblins
  16 jackals
  4 quokkas
  2 ball pythons
  5 bats
  3 frilled lizards (D:1)
  21 kobolds
  A quokka skeleton (D:4)
  5 rats
  A bush (D:9)
  3 plants (D:9)
  A toadstool (D:1)
263 creatures vanquished.

Vanquished Creatures (collateral kills)
  A necrophage (D:7)
  A big kobold (D:10)
  A kobold (D:7)
3 creatures vanquished.

Vanquished Creatures (others)
  A fungus (D:9)
  7 plants (D:9)
  3 toadstools (D:1)
11 creatures vanquished.

Grand Total: 277 creatures vanquished

Notes
Turn   | Place    | Note
-------+----------+-------------------------------------------
     0 | D:1      | McKennaii the Oni Fire Elementalist began the quest for the
                  | Orb.
     0 | D:1      | Reached XP level 1. HP: 14/14 MP: 4/4
   247 | D:1      | Reached XP level 2. HP: 20/20 MP: 3/6
   557 | D:1      | Reached skill level 2 in Spellcasting
   562 | D:1      | Reached XP level 3. HP: 24/26 MP: 1/8
  1582 | D:2      | Reached XP level 4. HP: 33/33 MP: 6/9
  1586 | D:2      | Learned a level 2 spell: Shackle
  1591 | D:2      | Learned a level 4 spell: Sticky Flame
  1610 | D:2      | Found a glowing golden altar of the Shining One.
  2488 | D:3      | Noticed a phantom
  2885 | D:3      | Reached skill level 3 in Spellcasting
  3201 | D:4      | Reached XP level 5. HP: 38/38 MP: 9/11
  3457 | D:4      | Found a staircase to the Ecumenical Temple.
  3478 | Temple   | Entered the Ecumenical Temple
  3672 | Temple   | Became a worshipper of Cheibriados the Contemplative
  3721 | D:4      | Noticed an ogre
  3732 | D:4      | Killed an ogre
  3732 | D:4      | Reached XP level 6. HP: 46/46 MP: 4/13
  4123 | D:4      | Got a heavily runed leather armour
  4760 | D:3      | Found a corrupted altar of Lugonu.
  4773 | D:3      | Found a basalt altar of Yredelemnul.
  4892 | D:3      | Killed a phantom
  4892 | D:3      | Reached skill level 1 in Fighting
  4892 | D:3      | Reached skill level 4 in Spellcasting
  5058 | D:3      | Reached XP level 7. HP: 40/52 MP: 15/15
  5256 | D:5      | Entered Level 5 of the Dungeon
  5256 | D:5      | Noticed a hornet
  5261 | D:5      | Killed a hornet
  5413 | D:5      | Identified the cursed +1 leather armour "Fagyufin" {Int+6}
                  | (You found it on level 4 of the Dungeon)
  5414 | D:5      | Found a shadowy altar of Dithmenos.
  5433 | D:5      | Reached * piety under Cheibriados
  5500 | D:5      | Reached skill level 5 in Spellcasting
  5775 | D:5      | Reached XP level 8. HP: 38/59 MP: 17/17
  5780 | D:5      | Reached skill level 1 in Invocations
  6356 | D:6      | Learned a level 5 spell: Fireball
  6433 | D:6      | Learned a level 4 spell: Summon Ice Beast
  6483 | D:6      | Reached ** piety under Cheibriados
  6553 | D:6      | Found a blossoming altar of Fedhas.
  6829 | D:6      | Reached skill level 6 in Spellcasting
  6918 | D:6      | Found a glowing silver altar of Zin.
  6920 | D:6      | Found a shimmering altar of Xom.
  6920 | D:6      | Found a stormy altar of Qazlal.
  6922 | D:6      | Found a glowing golden altar of the Shining One.
  6922 | D:6      | Found a shimmering altar of Xom.
  6922 | D:6      | Found a white marble altar of Elyvilon.
  7005 | D:7      | Reached skill level 1 in Armour
  7587 | D:7      | Reached XP level 9. HP: 67/67 MP: 20/20
  7740 | D:7      | Found a stormy altar of Qazlal.
  7835 | D:7      | Reached *** piety under Cheibriados
  7843 | D:7      | Reached skill level 7 in Spellcasting
  8378 | D:8      | Noticed Maurice
  8739 | D:8      | Killed Maurice
  8739 | D:8      | Reached XP level 10. HP: 57/74 MP: 9/23
  9048 | D:8      | Reached skill level 8 in Spellcasting
  9159 | D:8      | Reached **** piety under Cheibriados
  9159 | D:8      | Reached skill level 5 in Invocations
  9501 | D:9      | Noticed a cyclops
  9795 | D:9      | Found an opulent altar of Gozag.
 10034 | D:9      | Reached skill level 9 in Spellcasting
 10173 | D:9      | Learned a level 2 spell: Sublimation of Blood
 10257 | D:9      | Found a shattered altar of Ashenzari.
 10380 | D:9      | Reached ***** piety under Cheibriados
 10391 | D:9      | Found a staircase to the Lair.
 10394 | D:9      | Reached XP level 11. HP: 46/82 MP: 5/26
 10694 | D:9      | Found a staircase to the Orcish Mines.
 10800 | D:9      | Killed a cyclops
 10800 | D:9      | Reached skill level 5 in Dodging
 11177 | D:10     | Entered Level 10 of the Dungeon
 11718 | D:9      | Reached skill level 10 in Spellcasting
 11897 | D:10     | Noticed a centaur warrior
 11911 | D:10     | Mangled by a centaur warrior

Skill      XL: |  1  2  3  4  5  6  7  8  9 10 11 |
---------------+----------------------------------+-----
Dodging        | 2 3 4 5 |  5.1
Stealth        | 2 3 4 |  4.0
Spellcasting   | 2 3 4 5 6 7 9 10 | 10.0
Fighting       | 1 2 3 |  3.4
Invocations    | 2 4 6 |  6.6
Armour         | 1 3 4 |  4.1
Conjurations   | | 10.0
Hexes          | | 10.0
Charms         | | 10.0
Summonings     | | 10.0
Necromancy     | | 10.0
Translocations | | 10.0
Transmutations | | 10.0
Fire Magic     | | 10.0
Ice Magic      | | 10.0
Air Magic      | | 10.0
Earth Magic    | | 10.0
Poison Magic   | | 10.0

Action                   |  1- 3 |  4- 6 |  7- 9 | 10-12 || total
-------------------------+-------+-------+-------+-------++-------
Melee: Unarmed           |    16 |    52 |    18 |    34 ||   120
       Headbutt          |     2 |     9 |     3 |    12 ||    26
       Bite              |       |     4 |     6 |    10 ||    20
 Cast: Flame Tongue      |    70 |   141 |   207 |   201 ||   619
       Shackle           |       |     1 |       |     1 ||     2
       Sticky Flame      |       |     2 |    10 |    11 ||    23
       Fireball          |       |       |     4 |    16 ||    20
       Summon Ice Beast  |       |       |     1 |     6 ||     7
  Use: Scroll            |       |       |     1 |    13 ||    14
       Potion            |       |       |       |     4 ||     4
  Eat: Chunk             |     3 |     4 |       |       ||     7
       Ration            |       |     3 |     3 |       ||     6
Armor: Animal skin       |     7 |    43 |       |       ||    50
       Leather armour    |       |       |    43 |    30 ||    73
Dodge: Dodged            |    26 |   110 |   107 |   134 ||   377
